 Dungeon Crawl Stone Soup version 0.22-a0-782-g038298e (webtiles) character file.

240 Hebeh the Conjurer (level 5, -3/28 HPs)
             Began as a Deep Elf Conjurer on July 20, 2018.
             Killed from afar by an orc wizard (12 damage)
             ... with a puff of frost
             ... on level 3 of the Dungeon.
             The game lasted 00:08:48 (2896 turns).

Hebeh the Conjurer (Deep Elf Conjurer)              Turns: 2896, Time: 00:08:49

Health: -3/28      AC:  3    Str:  5    XL:     5   Next: 80%
Magic:  6/24       EV: 13    Int: 21    God:
Gold:   99         SH:  2    Dex: 15    Spells: 5/16 levels left

rFire    + . .     SeeInvis .   d - +1 short sword (speed)
rCold    . . .     Gourm    .   (no shield)
rNeg     . . .     Faith    .   t - +0 robe {rF+}
rPois    .         Spirit   .   u - +0 helmet
rElec    .         Reflect  +   (no cloak)
rCorr    .         Harm     .   (no gloves)
MR       .....                  (no boots)
Stlth    ++........             e - +2 amulet of reflection
HPRegen  0.09/turn              q - ring of magical power
MPRegen  0.19/turn              (no ring)

@: no status effects
A: no striking features
a: no special abilities


You were on level 3 of the Dungeon.
You were not hungry.

You visited 1 branch of the dungeon, and saw 3 of its levels.

You collected 99 gold pieces.

Inventory:

Hand Weapons
 d - a +1 short sword of speed (weapon)
Missiles
 i - 4 javelins (quivered)
 m - 21 arrows
Armour
 a - a +0 robe
 t - a +0 robe of fire resistance (worn)
 u - a +0 helmet (worn)
Jewellery
 e - a +2 amulet of reflection (around neck)
 q - a ring of magical power (left hand)
Scrolls
 b - 6 scrolls of identify {unknown}
 j - 2 scrolls of amnesia {unknown}
 l - a scroll of fear {unknown}
 p - a scroll of remove curse {unknown}
Potions
 f - a potion of might {unknown}
 g - 2 potions of mutation {unknown}
 h - a potion of flight {unknown}
 k - a potion of ambrosia {unknown}
 n - 2 potions of lignification {unknown}
 r - a potion of curing {unknown}
 s - a potion of brilliance {unknown}
Comestibles
 c - 4 rations
 o - 7 chunks of flesh


   Skills:
 - Level 2.4 Dodging
 - Level 2.4 Stealth
 + Level 6.1 Spellcasting
 + Level 6.3 Conjurations


You had 5 spell levels left.
You knew the following spells:

 Your Spells              Type           Power        Failure   Level  Hunger
a - Magic Dart            Conj           ####         1%          1    None
b - Iskenderun's Mystic   Conj           ####....     7%          4    ####...
c - Searing Ray           Conj           ####..       1%          2    None
d - Force Lance           Conj/Tloc      ###.....     26%         4    ####...

Your spell library contained the following spells:

 Spells                   Type           Power        Failure   Level  Hunger
 Fulminant Prism          Conj/Hex       ###.......   26%         4    ####...
 Dazzling Spray           Conj/Hex       ###...       8%          3    ##.....


Dungeon Overview and Level Annotations

Branches:
Dungeon (3/15)

Altars:
Uskayaw


Message History

Aiming: Iskenderun's Mystic Blast (safe; 7% risk of failure)
Press: ? - help, Shift-Dir - straight line, f - orc
Aim: an orc, wielding a club The orb of energy hits the orc.
You kill the orc!
The orc wizard casts a spell.
The orc wizard seems to speed up.
Casting: Iskenderun's Mystic Blast (safe; 7% risk of failure)
Confirm with . or Enter, or press ? or * to list all spells.
Aiming: Iskenderun's Mystic Blast (safe; 7% risk of failure)
Press: ? - help, Shift-Dir - straight line, f - orc
Aim: an orc, wielding a short sword and wearing a chain mail The orb of energy hits the orc.
You kill the orc!
The orc wizard casts a spell at you. The magic dart hits you!
Some of the chunks of flesh in your inventory have rotted away.
The orc wizard gestures at you while chanting.
The puff of frost hits you!
You die...

#.# #... ########## #.#
#.## .......).# ###
#.####.## ########.#
##)####........
#####.###.#..........##
#................###.#
#.###.####.###...# #.#
#[###.###...###.#......
#.....@.>.#.......##.##
#o###.###...###.####..
#.# #.# ## ## #.# ###
... ..# #.# ##.#####
#.# #o# #.# #)# #o.


You could see an orc wizard.

Vanquished Creatures
  3 orc wizards (D:3)
  Jessica (D:2)
  Robin (D:3)
  2 adders (D:2)
  An ooze (D:3)
  2 worms (D:2)
  A dart slug (D:2)
  2 leopard geckos
  10 orcs (D:3)
  A ball python (D:3)
  6 bats
  2 giant cockroaches (D:3)
  8 hobgoblins
  2 quokkas
  A frilled lizard (D:3)
  17 goblins
  8 kobolds
  8 rats
76 creatures vanquished.

Notes
Turn   | Place    | Note
-------+----------+-------------------------------------------
     0 | D:1      | Hebeh the Deep Elf Conjurer began the quest for the Orb.
     0 | D:1      | Reached XP level 1. HP: 10/10 MP: 6/6
   317 | D:1      | Reached XP level 2. HP: 15/15 MP: 5/8
   951 | D:1      | Learned a level 2 spell: Searing Ray
  1124 | D:2      | Reached skill level 5 in Conjurations
  1124 | D:2      | Reached XP level 3. HP: 19/19 MP: 7/10
  1969 | D:2      | Found a hide-covered altar of Uskayaw.
  2038 | D:2      | Noticed Jessica
  2041 | D:2      | Killed Jessica
  2041 | D:2      | Reached XP level 4. HP: 24/24 MP: 12/12
  2047 | D:2      | Learned a level 4 spell: Iskenderun's Mystic Blast
  2052 | D:2      | Learned a level 4 spell: Force Lance
  2164 | D:3      | Noticed Robin
  2165 | D:3      | Reached skill level 5 in Spellcasting
  2455 | D:3      | Reached XP level 5. HP: 22/28 MP: 2/14
  2670 | D:3      | Killed Robin
  2896 | D:3      | Killed from afar by an orc wizard

Vault maps used:
D:1:      lemuel_arrival_lava_pool, minmay_tetromino_l2
D:2:      eat_drink_and_be_merry_uskayaw, uniq_jessica
D:3:      cheibrodos_sewer_entry_bend, first_ration, st_stairs_7, uniq_robin

Skill      XL: |  1  2  3  4  5 |
---------------+----------------+-----
Spellcasting   | 4 5 6 |  6.1
Conjurations   | 5 6 |  6.3
Dodging        | |  2.4
Stealth        | |  2.4

Action                   |  1- 3 |  4- 6 || total
-------------------------+-------+-------++-------
 Cast: Magic Dart        |    66 |    59 ||   125
       Searing Ray       |     1 |       ||     1
       Iskenderun's Myst |       |    14 ||    14
  Eat: Chunk             |     3 |     1 ||     4
       Ration            |       |     1 ||     1
Armor: Robe              |       |     2 ||     2
Dodge: Dodged            |     2 |     6 ||     8
Block: Other             |       |     1 ||     1

Table legend:
 A = Spawn XP
 B = Non-spawn XP
 C = Spawn XP percentage of total XP
 D = Spawn monster count
 E = Non-spawn monster count
 F = Spawn count percentage of total count
 G = Total turns spent on level
                    A         B        C        D         E        F      G
               +---------+---------+-------+---------+---------+-------+---------
         Total |       0 |     344 |   0.0 |       0 |      76 |   0.0 |  2896
               +---------+---------+-------+---------+---------+-------+---------
           D:1 |       0 |      29 |   0.0 |       0 |      19 |   0.0 |   953
           D:2 |       0 |     100 |   0.0 |       0 |      20 |   0.0 |  1321
           D:3 |       0 |     215 |   0.0 |       0 |      37 |   0.0 |   622
               +---------+---------+-------+---------+---------+-------+---------
